 Dungeon Crawl Stone Soup version 0.27.0-1-g7a089689b8 (webtiles) character file.

Game seed: 16437259879340802512

70 nicksoapdish the Insei (level 4, -8/28 HPs)
             Began as an Octopode Transmuter on Aug 2, 2021.
             Killed by divine providence
             ... invoked by an orc priest
              (12 damage)
             ... on level 3 of the Dungeon.
             The game lasted 00:05:58 (2103 turns).

nicksoapdish the Insei (Octopode Transmuter)        Turns: 2103, Time: 00:06:00

Health: -8/28      AC:  1    Str:  9    XL:     4   Next: 22%
Magic:  6/7        EV: 13    Int: 16    God:
Gold:   46         SH:  0    Dex: 12    Spells: 7/8 levels left

rFire    . . .     SeeInvis .     - Unarmed
rCold    . . .     Faith    .   (no shield)
rNeg     . . .     Spirit   .   (helmet currently unavailable)
rPois    .         Reflect  .   (no amulet)
rElec    .         Harm     .   (no ring)
rCorr    .         Rampage  .   (no ring)
Will     .....                  (no ring)
Stlth    +++.......             (no ring)
HPRegen  0.09/turn              (no ring)
MPRegen  0.10/turn              (no ring)
                                (no ring)
                                (no ring)

@: appendages (expiring)
A: tentacle spike 3, almost no armour, amphibious, 8 rings, camouflage 1,
gelatinous body 1, (nimble swimmer 1), tentacles
a: End Transformation


You were on level 3 of the Dungeon.
One of your tentacles had grown a beastly spike.
You visited 1 branch of the dungeon, and saw 3 of its levels.

You collected 46 gold pieces.

Inventory:

Hand Weapons
 f - a +0 dagger of holy wrath
Scrolls
 b - a scroll of magic mapping {unknown}
 d - a scroll of immolation {unknown}
 h - a scroll of amnesia {unknown}
Potions
 a - a potion of curing {unknown}
 c - a potion of ambrosia {unknown}
 e - a potion of lignification
 g - a potion of might {unknown}


   Skills:
 + Level 1.0 Fighting
 * Level 2.4 Dodging
 * Level 2.5 Stealth
 + Level 3.2 Unarmed Combat
 * Level 2.6 Spellcasting
 * Level 2.5 Transmutations


You had 7 spell levels left.
You knew the following spells:

 Your Spells              Type           Power      Damage    Failure   Level
a - Beastly Appendage     Tmut           20%        N/A       7%          1

Your spell library contained the following spells:

 Spells                   Type           Power      Damage    Failure   Level
 Wereblood                Tmut           10%        N/A       11%         2
 Shock                    Conj/Air       8%         1d3       21%         1
 Spider Form              Tmut/Pois      3%         N/A       34%         3
 Call Canine Familiar     Summ           2%         N/A       52%         3
 Portal Projectile        Hex/Tloc       4%         N/A       52%         3
 Swiftness                Air            2%         N/A       52%         3
 Ice Form                 Ice/Tmut       6%         N/A       75%         4
 Airstrike                Air            1%         N/A       89%         4
 Leda's Liquefaction      Hex/Erth       1%         N/A       89%         4


Dungeon Overview and Level Annotations

Branches:
Dungeon (3/15)

Altars:

Shops:
D:2 [!=


Innate Abilities, Weirdness & Mutations

One of your tentacles has grown a beastly spike.
You cannot wear most types of armour.
You are amphibious.
You can wear up to eight rings at the same time.
Your skin changes colour to match your surroundings (Stealth+).
Your rubbery body absorbs attacks. (AC +1, EV +1)
((You are camouflaged near water. (Stealth+)))
You have tentacles for arms and can constrict up to eight enemies at once.


Message History

The orc priest shouts!
You barely miss the orc.
The orc shouts!
You grab the orc.
You pierce the orc.
The orc is lightly wounded.
You constrict the orc. The orc hits you but does no damage.
You barely miss the orc. Your grab misses the orc. You squeeze the orc.
You kill the orc!
Your transformation is almost over.
You constrict the orc, but do no damage.
The orc hits you with a +0 flail.
You tentacle-slap the orc priest but do no damage.
Your grab misses the orc priest.
You pierce the orc priest, but do no damage.
You constrict the orc.
The orc priest hits you with a +0 short sword!
The orc misses you.
You tentacle-slap the orc priest. Your grab misses the orc priest.
You pierce the orc priest, but do no damage.
You squeeze the orc priest!
The orc priest is severely wounded.
You constrict the orc. The orc priest closely misses you.
The orc barely misses you.
You tentacle-slap the orc priest but do no damage.
You grab the orc priest.
The orc priest is severely wounded.
You constrict the orc priest. You constrict the orc.
You kill the orc!
The orc priest invokes the aid of Beogh against you.
Beogh smites you!
* * * LOW HITPOINT WARNING * * *
The orc closely misses you.
You hear a shout!
You completely miss the orc priest.
You pierce the orc priest.
You tentacle-slap the orc priest.
The orc priest is almost dead.
You constrict the orc priest.
The orc priest invokes the aid of Beogh against you.
Beogh smites you!
You die...

### # #.. . #.# .#
##.##.## ......###
###.######........
.......<..@)....#
.........#oo......
##...###.#......##
#.. #.#.#...... #.
#.......... ..
#.#.####... #
..... ... ..... ..
...


You could see an orc priest and an orc.

Vanquished Creatures
  2 adders (D:2)
  A dart slug (D:1)
  2 orcs (D:3)
  2 ball pythons (D:1)
  2 bats (D:1)
  4 endoplasms (D:1)
  3 giant cockroaches (D:1)
  3 goblins
  7 hobgoblins
  4 jackals (D:2)
  A frilled lizard (D:1)
  6 kobolds
  4 rats
41 creatures vanquished.

Notes
Turn   | Place    | Note
-------+----------+-------------------------------------------
     0 | D:1      | nicksoapdish the Octopode Transmuter began the quest for
                  | the Orb.
     0 | D:1      | Reached XP level 1. HP: 13/13 MP: 3/3
    39 | D:1      | Noticed a golden eye
    41 | D:1      | Found a faded altar of an unknown god.
    42 | D:1      | Noticed a golden eye
    42 | D:1      | Noticed an eye of devastation
    42 | D:1      | Noticed a golden eye
   142 | D:1      | Reached skill level 1 in Stealth
   178 | D:1      | Reached XP level 2. HP: 12/18 MP: 3/5
   492 | D:1      | Reached XP level 3. HP: 22/23 MP: 6/6
  1521 | D:2      | Reached XP level 4. HP: 24/28 MP: 7/7
  1639 | D:2      | Found Rumn's Jewellery Emporium.
  1701 | D:2      | Found Gigas's Distillery.
  1949 | D:2      | Found Xekhehi's Antique Armour Emporium.
  2103 | D:3      | Killed from afar by an orc priest

Illustrated notes

Levels and vault maps discovered:
D:1:      heliophobic_arrival_henge, layout_basic,
          hellmonk_ecumenical_altar_watching_god, chequers_avenue, minivault_27,
          minmay_tromino_i4
D:2:      minmay_kobold_bridge, layout_basic, serial_glass, glass_columns_a,
          glass_columns_a, glass_columns_a, glass_columns_b, glass_columns_c,
          glass_columns_a, serial_shops, nicolae_square_shop, shop,
          nicolae_shop_trees, hangedman_decor_clover_reticule
D:3:      layout_basic, mainiacjoe_overflow_surrounded_room, uniq_terence

Skill      XL: |  1  2  3 |
---------------+----------+-----
Stealth        | 1 2 |  2.5
Fighting       | |  1.0
Dodging        | |  2.4
Unarmed Combat | |  3.2
Spellcasting   | |  2.6
Transmutations | |  2.5

Action                   |  1- 3 |  4- 6 || total
-------------------------+-------+-------++-------
Melee: Unarmed           |    73 |    23 ||    96
       Constrict         |    24 |     8 ||    32
       Tentacles         |    12 |     3 ||    15
       Kick              |    16 |     7 ||    23
       Punch             |     3 |     2 ||     5
 Cast: Beastly Appendage |    14 |     4 ||    18
  Use: Scroll            |     3 |       ||     3
 Stab: Sleeping          |     9 |     1 ||    10
Armor: Skin              |     2 |     3 ||     5
Dodge: Dodged            |    41 |    24 ||    65
